Map: Rosebud LE

Players

Faust - Winner!

  • Race: Zerg Zerg
  • League: Diamond
  • Spawn Location: 11:00

Cthulhu - Winner!

  • Race: Zerg Zerg
  • Spawn Location: 11:00

Throwfordays - Winner!

  • Race: Protoss Protoss
  • League: Silver
  • Spawn Location: 11:00

OhOneBear

  • Race: Protoss Protoss
  • League: Gold
  • Spawn Location: 5:00

xOFluid

  • Race: Terran Terran
  • Spawn Location: 5:00

KPChicken

  • Race: Terran Terran
  • League: Silver
  • Spawn Location: 5:00

VOD

Have the link to the VOD?

Description

Time

  • Played on: Feb. 6, 2019, 7:49 p.m.
  • Length: 12:43
Show
View Real Time Build Order
Export as new Build Order

Faust Zerg - Winner!

Build Orders: Hatch First 

Get SALT Encoding   

  12  0:00  Drone  
  13  0:08  Drone  
  14  0:15  Extractor  
  14  0:17  Drone  
  15  0:23  Overlord  
  15  0:42  Drone x2  
  17  0:55  Hatchery  
  16  1:01  Drone  
  17  1:06  Extractor  
  16  1:14  Spawning Pool  
  15  1:33  Drone  
  15  1:34  Drone  
  15  1:35  Drone  
  18  1:45  Drone  
  19  1:59  Overlord  
  19  2:01  Queen  
  19  2:07  Queen  
  23  2:10  Metabolic Boost  
  23  2:13  Zergling x2  
  24  2:17  Zergling x2  
  24  2:21  Zergling x2  
  26  2:40  Baneling Nest  
  25  2:52  Overlord  
  25  2:54  Drone x5  
  30  3:10  Overlord x2  
  30  3:12  Zergling x4  
  32  3:20  Zergling x2  
  32  3:21  Zergling x4  
  32  3:26  Drone  
  36  3:28  Drone  
  36  3:29  Extractor  
  36  3:35  Drone x2  
  36  3:36  Drone  
  38  3:50  Zergling x4  
  38  3:51  Zergling x2  
  38  4:04  Baneling x2  
  37  4:17  Zergling x2  
  37  4:18  Zergling x10  
  37  4:23  Overlord  
  43  4:33  Hatchery  
  42  4:43  Spore Crawler, Drone x3  
  42  4:44  Drone  
  45  4:47  Lair  
  43  5:02  Drone x3  
  46  5:07  Extractor, Drone x2  
  46  5:08  Drone x3  
  46  5:10  Extractor  
  46  5:14  Drone  
  50  5:19  Roach Warren  
  49  5:23  Drone x2  
  50  5:39  Spine Crawler  
  50  5:41  Spine Crawler  
  48  5:42  Spore Crawler  
  48  5:44  Spine Crawler  
  48  5:45  Overseer  
  48  5:46  Spine Crawler  
  45  5:53  Drone x3  
  45  5:54  Drone  
  49  5:57  Drone  
  49  6:00  Drone  
  51  6:19  Baneling x4  
  51  6:22  Drone  
  51  6:24  Drone x6  
  58  6:26  Spore Crawler  
  55  6:52  Zergling x4  
  50  6:56  Drone x4  
  50  6:57  Drone x2  
  50  6:59  Spine Crawler  
  55  7:02  Drone x3, Spine Crawler  
  55  7:03  Drone  
  58  7:12  Glial Reconstitution  
  58  7:14  Evolution Chamber  
  57  7:16  Queen  
  57  7:17  Evolution Chamber  
  57  7:21  Drone, Infestation Pit  
  58  7:23  Overlord  
  58  7:24  Overlord  
  58  7:42  Extractor, Drone  
  58  7:43  Drone x4  
  62  7:45  Extractor, Roach  
  62  7:46  Roach x4  
  71  7:51  Zerg Missile Weapons Level 1  
  71  7:53  Zerg Ground Armor Level 1  
  73  8:03  Drone x3  
  74  8:09  Overlord x3  
  74  8:10  Overlord  
  74  8:17  Hydralisk Den  
  73  8:24  Drone  
  74  8:32  Drone  
  75  8:35  Roach  
  75  8:36  Roach x6  
  89  9:13  Hydralisk  
  89  9:14  Hydralisk x7  
  89  9:16  Overlord  
  105  9:17  Overlord x4  
  105  9:18  Overlord  
  105  9:20  Hive  
  105  9:22  Burrow  
  105  9:23  Tunneling Claws  
  105  9:27  Drone  
  105  9:28  Lurker Den  
  105  9:43  Hydralisk x6  
  105  9:44  Hydralisk  
  119  9:49  Zerg Missile Weapons Level 2  
  119  9:55  Zerg Ground Armor Level 2  
  119  9:59  Drone x3  
  122  10:00  Drone  
  123  10:17  Muscular Augments  
  123  10:19  Hatchery  
  122  10:38  Nydus Network  
  122  10:39  Drone x2  
  122  10:40  Drone x2  
  125  10:50  Spire  
  125  10:53  Ultralisk Cavern  
  123  11:00  Roach  
  123  11:01  Roach x13  
  151  11:20  Nydus Canal  
  151  11:29  Grooved Spines  
  151  11:40  Drone  
  122  12:16  Drone  
  122  12:17  Drone x10  
  122  12:19  Overlord x6  
  122  12:20  Overlord x2  
  133  12:36  Nydus Canal  
Show
View Real Time Build Order
Export as new Build Order

Cthulhu Zerg - Winner!

Build Orders: Hatch First 

Get SALT Encoding   

  12  0:19  Drone x2  
  14  0:37  Hatchery  
  13  0:44  Drone  
  13  0:47  Extractor  
  13  0:48  Drone  
  14  0:54  Overlord  
  15  1:11  Spawning Pool  
  15  1:18  Drone x2  
  16  1:22  Extractor  
  15  1:27  Drone  
  16  1:38  Drone  
  17  1:48  Drone  
  17  1:50  Drone  
  19  2:02  Zergling x4  
  19  2:04  Queen  
  19  2:06  Queen  
  25  2:10  Drone  
  25  2:13  Drone  
  27  2:30  Drone  
  28  2:39  Overlord  
  28  2:42  Extractor  
  28  2:43  Extractor  
  26  2:46  Lair  
  26  2:59  Drone x2  
  26  3:00  Drone  
  26  3:01  Drone x3  
  32  3:16  Drone  
  32  3:17  Drone  
  32  3:18  Drone  
  32  3:19  Drone  
  36  3:23  Overlord  
  36  3:29  Metabolic Boost  
  36  3:34  Evolution Chamber  
  35  3:45  Drone  
  35  3:46  Drone x5  
  35  3:47  Overlord  
  41  4:03  Drone  
  41  4:04  Drone x2  
  41  4:08  Extractor  
  43  4:12  Spire  
  42  4:47  Drone  
  42  4:48  Drone x6  
  49  5:25  Mutalisk  
  51  5:30  Overlord x2  
  51  5:31  Overlord  
  50  5:44  Overseer x2  
  49  5:51  Mutalisk  
  49  5:52  Mutalisk x9  
  69  5:59  Zerg Flyer Weapons Level 1  
  69  6:03  Roach Warren  
  68  6:06  Drone x3  
  71  6:19  Spine Crawler  
  71  6:21  Spine Crawler  
  71  6:24  Pneumatized Carapace  
  69  6:36  Drone  
  69  6:37  Drone x2  
  72  7:11  Mutalisk x2  
  72  7:12  Overlord  
  76  7:50  Mutalisk  
  78  7:51  Mutalisk x3  
  78  7:53  Overlord  
  78  7:54  Overlord x10  
  84  8:23  Zergling x4  
  84  8:24  Zergling x4  
  88  8:49  Hatchery  
  87  8:55  Hatchery  
  86  9:03  Hatchery  
  85  9:13  Zergling x2  
  85  9:14  Zergling x2  
  87  9:38  Spore Crawler  
  87  9:40  Spine Crawler  
  85  9:46  Overseer x2  
  85  9:51  Zergling x20  
  85  9:52  Zergling x4  
  97  10:06  Queen  
  99  10:07  Queen  
  101  10:21  Zergling x2  
  101  10:22  Zergling x22  
  101  10:25  Overlord x2  
  101  10:27  Overlord  
  113  10:29  Queen  
  113  10:32  Burrow  
  115  10:39  Infestation Pit  
  114  10:49  Zergling x2  
  115  10:50  Zergling x18  
  122  11:09  Zergling x2  
  122  11:10  Zergling x18  
  132  11:17  Hive  
  102  11:38  Zergling x18  
  102  11:39  Zergling x8  
Show
View Real Time Build Order
Export as new Build Order

Throwfordays Protoss - Winner!

Build Orders: 1 Gate Expand 

Get SALT Encoding   

  12  0:00  Probe  
  13  0:12  Probe  
  14  0:20  Pylon  
  14  0:27  Probe  
  15  0:40  Probe  
  16  0:44  Gateway  
  16  0:53  Probe  
  16  0:54  Assimilator  
  17  1:05  Probe  
  18  1:17  Probe  
  19  1:29  Probe  
  20  1:32  Cybernetics Core  
  20  1:39  Warp Gate  
  20  1:42  Nexus  
  20  1:48  Pylon  
  20  1:51  Probe  
  21  2:03  Probe  
  21  2:04  Assimilator  
  22  2:15  Probe  
  22  2:16  Stalker  
  25  2:25  Gateway  
  25  2:39  Gateway  
  25  2:47  Gateway  
  25  2:50  Probe  
  25  2:54  Probe  
  25  2:58  Probe  
  27  3:05  Probe  
  28  3:08  Probe  
  30  3:13  Probe  
  31  3:20  Probe  
  31  3:21  Probe  
  33  3:32  Probe x2  
  35  3:44  Probe x2  
  37  3:50  Forge  
  37  3:56  Pylon, Probe x2  
  37  3:58  Assimilator  
  37  4:01  Assimilator  
  39  4:08  Probe x2  
  41  4:10  Stalker  
  43  4:20  Probe  
  43  4:21  Probe  
  45  4:27  Protoss Ground Weapons Level 1  
  45  4:32  Probe  
  45  4:35  Probe  
  47  4:42  Pylon  
  47  4:43  Pylon  
  47  4:44  Probe  
  48  4:47  Probe  
  49  5:01  Pylon  
  49  5:04  Stalker x2  
  49  5:05  Stalker x2  
  57  5:14  Nexus  
  57  5:17  Assimilator  
  57  5:20  Assimilator  
  57  5:27  Gateway  
  57  5:28  Gateway  
  57  5:32  Robotics Facility  
  57  5:33  Robotics Facility  
  57  5:40  Photon Cannon  
  57  5:44  Photon Cannon  
  57  5:49  Photon Cannon  
  57  5:52  Photon Cannon  
  57  5:58  Photon Cannon  
  57  6:02  Photon Cannon  
  57  6:13  Photon Cannon  
  57  6:16  Photon Cannon  
  57  6:21  Photon Cannon  
  57  6:29  Observer x2  
  59  6:41  Pylon, Probe  
  59  6:44  Probe  
  59  6:45  Forge  
  61  6:49  Probe  
  61  6:50  Probe  
  61  6:52  Probe  
  63  6:58  Probe  
  63  7:00  Probe  
  64  7:01  Probe  
  67  7:10  Probe  
  67  7:13  Probe x2  
  70  7:22  Twilight Council, Probe  
  71  7:23  Protoss Ground Armor Level 1  
  71  7:25  Pylon, Protoss Shields Level 1, Probe  
  71  7:26  Probe  
  71  7:27  Stalker x3  
  71  7:28  Stalker  
  71  7:29  Stalker x2  
  83  8:29  Pylon  
  83  8:39  Stalker x5  
  83  8:40  Stalker  
  83  8:41  Blink  
  95  8:53  Probe  
  96  8:56  Probe  
  96  9:00  Immortal x2  
  105  9:03  Gateway  
  105  9:05  Stalker x2  
  105  9:09  Pylon  
  109  9:11  Pylon  
  109  9:12  Pylon  
  109  9:14  Pylon  
  109  9:16  Pylon  
  109  9:17  Probe  
  109  9:19  Probe  
  107  9:28  Pylon  
  103  9:31  Probe  
  103  9:36  Pylon  
  104  9:40  Immortal x2  
  104  9:44  Probe  
  113  9:51  Stalker x4  
  113  9:52  Stalker x2  
  125  9:56  Probe  
  126  10:08  Probe  
  127  10:19  Immortal x2  
  127  10:20  Probe  
  130  10:44  Stalker x3  
  130  10:45  Stalker x4  
  144  10:54  Robotics Bay  
  144  10:57  Photon Cannon  
  144  11:00  Photon Cannon  
  144  11:02  Photon Cannon  
Show
View Real Time Build Order
Export as new Build Order

OhOneBear Protoss 

Build Orders: Dark Templar Rush 

Get SALT Encoding   

  12  0:04  Probe  
  13  0:16  Probe  
  13  0:20  Pylon  
  15  0:28  Probe  
  15  0:41  Gateway  
  15  0:57  Probe  
  15  0:59  Assimilator  
  16  1:04  Pylon  
  16  1:09  Probe  
  17  1:21  Probe  
  18  1:30  Cybernetics Core  
  18  1:34  Gateway  
  18  1:35  Probe  
  18  1:39  Warp Gate  
  19  1:47  Probe  
  21  2:01  Probe  
  21  2:07  Pylon  
  21  2:18  Pylon  
  21  2:22  Probe  
  22  2:25  Assimilator  
  22  2:28  Adept  
  22  2:29  Adept  
  25  2:42  Probe  
  26  2:50  Twilight Council  
  26  3:01  Probe  
  26  3:13  Probe  
  26  3:17  Gateway  
  27  3:25  Probe  
  28  3:32  Forge  
  28  3:37  Probe  
  29  3:42  Protoss Ground Weapons Level 1  
  29  3:49  Probe  
  29  3:55  Dark Shrine  
  26  4:00  Gateway  
  26  4:01  Gateway  
  26  4:24  Zealot x2  
  26  4:25  Zealot  
  32  4:55  Probe  
  33  5:07  Nexus, Probe  
  33  5:08  Pylon  
  33  5:09  Pylon  
  32  5:26  Dark Templar x3  
  32  5:27  Dark Templar  
  39  5:41  Adept  
  41  6:08  Adept x2  
  41  6:09  Adept  
  47  6:17  Pylon  
  47  6:21  Protoss Ground Armor Level 1  
  47  6:44  Charge  
  32  7:25  Stalker  
  32  7:26  Stalker x2  
  28  7:49  Photon Cannon  
  28  7:52  Photon Cannon  
  28  8:05  Adept x5  
  38  8:17  Probe  
  39  8:26  Dark Templar  
  41  8:30  Resonating Glaives  
  41  8:36  Probe  
  41  9:13  Stalker x3  
  47  9:22  Pylon  
  47  9:25  Pylon  
  45  9:56  Nexus  
  45  10:01  Protoss Ground Weapons Level 2  
  45  10:04  Pylon  
  45  10:10  Stalker  
  43  10:49  Pylon  
  43  10:51  Pylon  
  43  11:04  Probe  
  44  11:42  Nexus  
  44  11:56  Stalker x2  
  44  11:57  Stalker  
Show
View Real Time Build Order
Export as new Build Order

xOFluid Terran 

Build Orders: Mech 

Get SALT Encoding   

  12  0:01  SCV  
  13  0:13  SCV  
  14  0:25  SCV  
  14  0:26  Supply Depot  
  15  0:48  SCV  
  16  0:52  Barracks  
  16  1:03  Command Center  
  16  1:08  SCV  
  17  1:20  SCV  
  18  1:27  Supply Depot  
  18  1:31  Barracks  
  18  1:35  SCV  
  19  1:47  SCV  
  20  1:56  Refinery  
  20  1:58  Refinery  
  20  1:59  SCV  
  21  2:11  SCV  
  22  2:20  Orbital Command  
  22  2:29  Orbital Command  
  22  2:37  Barracks Tech Lab  
  22  2:59  Factory  
  22  3:00  Command Center  
  22  3:03  SCV  
  23  3:06  SCV  
  24  3:15  SCV  
  24  3:18  SCV  
  25  3:29  SCV  
  25  3:30  SCV  
  27  3:41  SCV  
  27  3:43  SCV  
  27  3:44  Factory  
  29  3:51  Armory  
  29  3:55  SCV x2  
  31  3:56  Command Center  
  31  4:01  Refinery  
  31  4:04  Refinery  
  31  4:07  SCV x2  
  33  4:14  Siege Tank  
  36  4:19  SCV x2  
  38  4:30  Supply Depot  
  38  4:31  Supply Depot, SCV x2  
  40  4:43  SCV x2, Smart Servos  
  42  4:51  Factory Tech Lab  
  42  4:53  Factory  
  42  4:55  SCV  
  42  4:56  SCV  
  44  5:08  SCV x2, Siege Tank  
  49  5:20  SCV  
  50  5:21  Thor  
  50  5:26  SCV  
  50  5:28  Orbital Command  
  57  5:39  SCV x2  
  59  5:46  Supply Depot  
  59  5:50  Armory  
  59  5:51  SCV  
  60  5:58  Factory Reactor  
  60  6:00  Orbital Command, Hellion  
  60  6:01  Infernal Pre-Igniter  
  62  6:05  Terran Vehicle Weapons Level 1, Hellion  
  62  6:10  SCV x2  
  66  6:22  SCV x2  
  68  6:34  SCV  
  68  6:35  SCV  
  68  6:37  SCV  
  71  6:46  SCV  
  73  6:47  SCV  
  73  6:49  Thor, SCV  
  80  6:54  Hellion  
  80  6:55  Hellion  
  80  6:59  Engineering Bay  
  81  7:15  Supply Depot  
  81  7:22  Thor  
  87  7:29  SCV x3  
  90  7:32  Refinery  
  90  7:34  Refinery  
  90  7:41  SCV x3  
  93  7:49  Missile Turret  
  93  7:51  Missile Turret  
  93  7:53  SCV x3, Missile Turret  
  85  8:05  SCV  
  85  8:08  Thor x2  
  94  8:14  Hellion  
  94  8:16  Hellion  
  91  8:31  Terran Vehicle Weapons Level 2, Command Center  
  91  8:55  Missile Turret x2  
  91  9:05  Supply Depot  
  91  9:07  Supply Depot  
  91  9:12  Terran Vehicle And Ship Armor Level 1  
  91  9:17  Missile Turret  
  91  9:20  Supply Depot  
  91  9:21  Supply Depot  
  91  9:26  Supply Depot  
  91  9:27  Supply Depot  
  91  9:43  Thor, SCV x2, Orbital Command, Hellion  
  101  9:48  Thor, Hellion  
  109  9:55  SCV x2  
  111  10:07  SCV x2  
  111  10:12  Supply Depot  
  113  10:14  Supply Depot  
  113  10:15  Supply Depot  
  113  10:17  Supply Depot  
  113  10:19  SCV  
  114  10:24  Hellion  
  116  10:33  Thor  
  116  10:34  Hellion  
  116  10:35  Thor  
  126  11:08  Hellbat x2  
  130  11:16  Thor  
  136  11:18  Siege Tank  
  123  11:40  SCV x2  
  117  11:50  Siege Tank  
  95  11:59  Siege Tank  
  94  12:03  Command Center  
  93  12:11  Hellion x2  
Show
View Real Time Build Order
Export as new Build Order

KPChicken Terran 

Build Orders:  

Get SALT Encoding   

  12  0:00  SCV  
  13  0:16  Supply Depot  
  13  0:18  SCV  
  14  0:30  SCV  
  15  0:39  Barracks  
  15  0:44  Refinery  
  15  0:56  Refinery  
  15  1:00  SCV  
  16  1:12  SCV  
  17  1:24  SCV  
  18  1:29  Barracks  
  18  1:33  Barracks Reactor  
  18  1:36  SCV  
  19  1:48  SCV  
  20  2:00  SCV  
  21  2:12  SCV  
  21  2:13  Marine  
  23  2:18  Supply Depot  
  23  2:21  Factory  
  23  2:22  Barracks Tech Lab  
  23  2:39  Marine, SCV  
  25  2:52  SCV  
  26  3:05  Factory Tech Lab  
  26  3:07  Stimpack  
  26  3:13  Command Center  
  26  3:15  Marine  
  26  3:16  Marine  
  28  3:42  Marine x2  
  30  4:00  Siege Tank  
  26  4:20  Marine x3  
  29  4:30  Starport  
  29  4:36  Supply Depot  
  29  4:37  Marine  
  29  4:38  Marine  
  31  4:57  Marine, Reaper  
  33  5:03  Supply Depot  
  33  5:05  Orbital Command  
  33  5:06  Marine  
  34  5:10  Hellion  
  36  5:15  Marine, Medivac  
  39  5:24  Marine  
  40  5:29  Marine  
  40  5:32  Hellion  
  43  5:41  Marine  
  43  5:42  Marine, Combat Shield  
  44  5:44  SCV  
  44  5:49  Engineering Bay  
  46  6:07  Marine  
  47  6:15  Supply Depot  
  47  6:26  Terran Infantry Weapons Level 1  
  47  6:28  Armory  
  47  6:37  Marine x2, Siege Tank, Marauder  
  54  6:56  Marine  
  54  7:00  Supply Depot  
  55  7:21  Marine x2  
  55  7:22  SCV, Marauder  
  60  7:23  Supply Depot  
  60  7:27  Command Center  
  60  7:36  Supply Depot  
  60  7:39  Marine x2  
  60  7:43  Marine  
  63  7:52  SCV  
  63  7:57  Marine x2  
  66  8:01  Marine  
  66  8:04  SCV  
  68  8:15  Marine  
  68  8:16  SCV  
  70  8:29  Marine x2  
  70  8:33  Marine  
  71  8:34  Infernal Pre-Igniter  
  71  8:47  Marine x2, Orbital Command  
  73  8:51  Marine  
  74  9:03  Refinery  
  74  9:04  Marine x2  
  74  9:08  Marine  
  77  9:15  Viking  
  79  9:40  Refinery, SCV  
  79  9:42  Marine x2  
  79  9:43  Marine  
  79  9:45  Viking  
  85  9:53  SCV  
  85  9:57  Terran Infantry Weapons Level 2  
  86  10:00  Terran Ship Weapons Level 1  
  86  10:02  Fusion Core  
  86  10:05  SCV  
  87  10:07  Marine x3  
  90  10:15  Viking  
  90  10:17  SCV  
  93  10:28  Siege Tank  
  96  10:29  SCV  
  97  10:41  SCV  
  98  10:45  Viking  
  99  11:00  Siege Tank  
  102  11:07  Starport  
  102  11:08  Marine x3  
  105  11:18  Starport Reactor  
  105  11:26  Marine x3  
  101  11:44  Marine  
  80  11:50  Starport Tech Lab  
  50  12:03  Missile Turret  
Tags
 
Add a new tag
Caveats
  • Supply blocks, unpowered buildings, or Contaminate may cause inaccurate times.
  • Supply counts are checked every 10 seconds.